2787 views
Uploaded 2020-03-15 22:50:57
Game version 1.32.2
3:20 long 3on3 ladder game on (6)GnollWood
Saved by BEARAND
2787 views
Uploaded 2020-03-15 22:50:57
Game version 1.32.2
3:20 long 3on3 ladder game on (6)GnollWood


/ 0k
23 buildings @ 2.4k
/ 0.7k

| Peasant | 8 | 600 | / | 0 |
| Footman | 3 | 405 | / | 0 |
| total: | 11 | 1005g | / | 0w |
| Scout Tower | 2 | 60 | / | 40 |
| Altar of Kings | 1 | 180 | / | 50 |
| Farm | 3 | 240 | / | 60 |
| Lumber Mill | 1 | 120 | / | 0 |
| Barracks | 2 | 320 | / | 120 |
| total: | 9 | 920g | / | 270w |
| 0:02 | Peasant |
| 0:03 | Peasant |
| 0:09 | Altar of Kings |
| 0:10 | Peasant |
| 0:19 | Farm |
| 0:20 | Peasant |
| 0:29 | Lumber Mill |
| 0:46 | Peasant |
| 1:06 | Barracks |
| 1:15 | Farm |
| 1:40 | Farm |
| 1:46 | Summon Water Elemental |
| 1:53 | Peasant |
| 2:09 | Footman |
| 2:11 | Barracks |
| 2:14 | Peasant |
| 2:15 | Peasant |
| 2:31 | Footman |
| 2:44 | Footman |
| 3:05 | Scout Tower |
| 3:05 | Scout Tower |
| Right click | 228 |
| Select | 69 |
| Select group | 52 |
| Build/train/purchase | 20 |
| Assign group | 9 |
| Chat | 7 |
| Remove unit | 1 |
| Minimap ping | 1 |

| Peasant | 12 | 900 | / | 0 |
| total: | 12 | 900g | / | 0w |
| Scout Tower | 4 | 120 | / | 80 |
| Guard Tower | 1 | 70 | / | 50 |
| Altar of Kings | 1 | 180 | / | 50 |
| Farm | 3 | 240 | / | 60 |
| Lumber Mill | 1 | 120 | / | 0 |
| total: | 9 | 660g | / | 190w |
| 0:06 | Altar of Kings |
| 0:08 | Farm |
| 0:23 | Peasant |
| 0:23 | Peasant |
| 0:23 | Peasant |
| 0:39 | Peasant |
| 0:39 | Peasant |
| 0:45 | Farm |
| 1:08 | Lumber Mill |
| 1:16 | Peasant |
| 1:32 | Peasant |
| 1:45 | Peasant |
| 1:45 | Peasant |
| 1:58 | Peasant |
| 2:01 | Peasant |
| 2:08 | Summon Water Elemental |
| 2:32 | Scout Tower |
| 2:38 | Farm |
| 2:40 | Peasant |
| 2:51 | Scout Tower |
| 2:54 | Scout Tower |
| 3:01 | Scout Tower |
| 3:03 | Guard Tower |
| Right click | 101 |
| Select | 61 |
| Chat | 38 |
| Build/train/purchase | 31 |
| Select group | 21 |
| Assign group | 3 |

| Peon | 9 | 675 | / | 0 |
| Grunt | 2 | 400 | / | 0 |
| total: | 11 | 1075g | / | 0w |
| Altar of Storms | 1 | 180 | / | 50 |
| Orc Burrow | 2 | 320 | / | 80 |
| Barracks | 1 | 180 | / | 50 |
| Voodoo Lounge | 1 | 130 | / | 30 |
| Stronghold | 3 | 945 | / | 570 |
| total: | 5 | 810g | / | 210w |
| 0:02 | Peon |
| 0:07 | Altar of Storms |
| 0:10 | Peon |
| 0:14 | Orc Burrow |
| 0:26 | Barracks |
| 0:36 | Peon |
| 0:46 | Peon |
| 0:50 | Peon |
| 0:59 | Peon |
| 1:30 | Grunt |
| 1:40 | Peon |
| 1:40 | Peon |
| 1:46 | Orc Burrow |
| 1:47 | Peon |
| 2:08 | Wind Walk |
| 2:21 | Voodoo Lounge |
| 2:46 | Grunt |
| 2:51 | Stronghold |
| 2:51 | Stronghold |
| Assign group | 216 |
| Right click | 126 |
| Select group | 64 |
| Select | 46 |
| Build/train/purchase | 18 |
| Remove unit | 2 |
/ 0.1k
12 buildings @ 1.9k
/ 0.5k
| Select | 1 |
| Wisp | 3 | 180 | / | 0 |
| total: | 3 | 180g | / | 0w |
| 0:03 | Wisp |
| 0:03 | Wisp |
| 0:03 | Wisp |
| Build/train/purchase | 3 |
| Select | 3 |
| Right click | 2 |

| Acolyte | 3 | 225 | / | 0 |
| Ghoul | 6 | 720 | / | 0 |
| Peasant | 6 | 450 | / | 0 |
| Wisp | 7 | 420 | / | 0 |
| Archer | 6 | 780 | / | 60 |
| Footman | 5 | 675 | / | 0 |
| total: | 33 | 3270g | / | 60w |
| Crypt | 1 | 200 | / | 50 |
| Ziggurat | 2 | 300 | / | 100 |
| Altar of Darkness | 1 | 180 | / | 50 |
| Barracks | 1 | 160 | / | 60 |
| Ancient of War | 1 | 150 | / | 60 |
| Moon Well | 2 | 360 | / | 80 |
| Farm | 2 | 160 | / | 40 |
| Altar of Elders | 1 | 180 | / | 50 |
| Altar of Kings | 1 | 180 | / | 50 |
| total: | 12 | 1870g | / | 540w |
| 0:06 | Acolyte |
| 0:06 | Acolyte |
| 0:12 | Peasant |
| 0:13 | Peasant |
| 0:15 | Wisp |
| 0:15 | Wisp |
| 0:22 | Crypt |
| 0:24 | Ziggurat |
| 0:30 | Barracks |
| 0:34 | Ancient of War |
| 0:36 | Moon Well |
| 0:45 | Farm |
| 0:46 | Peasant |
| 0:46 | Peasant |
| 0:50 | Altar of Elders |
| 0:52 | Wisp |
| 0:52 | Wisp |
| 0:56 | Altar of Darkness |
| 0:57 | Acolyte |
| 1:05 | Altar of Kings |
| 1:07 | Peasant |
| 1:07 | Peasant |
| 1:13 | Wisp |
| 1:13 | Wisp |
| 1:20 | Ziggurat |
| 1:24 | Ghoul |
| 1:24 | Ghoul |
| 1:25 | Ghoul |
| 1:37 | Archer |
| 1:44 | Moon Well |
| 1:45 | Archer |
| 1:49 | Farm |
| 1:51 | Footman |
| 1:56 | Ghoul |
| 2:02 | Archer |
| 2:05 | Wisp |
| 2:16 | Footman |
| 2:16 | Footman |
| 2:26 | Ghoul |
| 2:26 | Ghoul |
| 2:58 | Summon Lava Spawn |
| 3:07 | Archer |
| 3:08 | Archer |
| 3:08 | Archer |
| 3:11 | Footman |
| 3:11 | Footman |
| Right click | 76 |
| Select | 70 |
| Build/train/purchase | 39 |
| Resource trade | 4 |
| Misc. action | 1 |
⇛